[Event "Team 45 45 League T35"]
[Site "Internet Chess Club"]
[Date "2007.11.16"]
[Round "5"]
[White "Obi-Wan"]
[Black "Duguesclin"]
[Result "1-0"]
[WhiteElo "1952"]
[BlackElo "1649"]
[Opening "Mieses opening"]
[ECO "A00"]
[Time "14:56:36"]
[TimeControl "2700+45"]

1. d3 e5 2. Nf3 d6 3. Nbd2 Nf6 4. e4 Be7 5. c3 c5 6. Qc2 O-O 7. Be2 Nc6 8. h3
Nh5 9. Nf1 f5 10. exf5 Bxf5 11. g4 Bg6 12. gxh5 Bxh5 13. Rg1 Bxf3 14. Bxf3 Rxf3
15. Be3 d5 16. Qe2 e4 17. O-O-O Ne5 18. dxe4 d4 19. cxd4 cxd4 20. Bxd4 Qc7+ 21.
Kb1 Bf6 22. Bxe5 Qxe5 23. Nh2 Rxh3 24. Ng4 Qf4 25. Nxf6+ Qxf6 26. Qg4 Rf3 27.
Rd7 g6 28. Qh5 Rxf2 29. Qxh7+ Kf8 30. Qh6+ Ke8 31. Rxb7 Rc8 32. a3 Rf1+ 33. Rxf1
Qxf1+ 34. Ka2 Qc4+ 35. Rb3 Rc6 36. Qh8+ Kf7 37. Qh7+ Kf6 38. Qxa7 Qxe4 39. Qf2+
Qf5 40. Rf3 Rc5 41. Qxc5 Qxf3 42. Qf8+ {Black resigns} 1-0

[Event "Team 45 45 League T35"]
[Site "Internet Chess Club"]
[Date "2007.11.18"]
[Round "5"]
[White "Warpdrive"]
[Black "crankn8tr"]
[Result "0-1"]
[WhiteElo "1655"]
[BlackElo "1684"]
[Opening "Scandinavian defense, Lasker variation"]
[ECO "B01"]
[Time "17:06:12"]
[TimeControl "2700+45"]

1. e4 d5 2. exd5 Qxd5 3. Nc3 Qa5 4. d4 Nf6 5. Nf3 Bg4 6. h3 Bh5 7. Bb5+ c6 8.
Bd3 Nbd7 9. a3 e6 10. Be3 Bd6 11. b4 Qc7 12. Ne4 Nxe4 13. Bxe4 Nf6 14. Bd3 O-O
15. c4 Rad8 16. Ra2 e5 17. Be2 exd4 18. Nxd4 Bxe2 19. Qxe2 Rfe8 20. Qf3 Bxb4+
21. axb4 Rxd4 22. O-O Rxc4 23. Rxa7 Rxb4 24. Bc5 Rb2 25. Qa3 Rbe2 26. Ra8 h6 27.
Bd6 Qb6 28. Bc5 Qc7 29. Qa7 Rxa8 30. Qxa8+ Re8 31. Qa7 Nd5 32. Rb1 b5 33. Kf1
Qxa7 34. Bxa7 Ra8 35. Bc5 Ra2 36. Rb3 Rc2 37. Ba3 f6 38. Bd6 Kf7 39. f3 g6 40.
g3 h5 41. h4 Ke6 42. Ba3 g5 43. hxg5 fxg5 44. Rb1 Rc3 45. Re1+ Kd7 {White
resigns} 0-1

[Event "Team 45 45 League T35"]
[Site "Internet Chess Club"]
[Date "2007.11.18"]
[Round "5"]
[White "RedAttack"]
[Black "qs16"]
[Result "1-0"]
[WhiteElo "1969"]
[BlackElo "1839"]
[Opening "Réti opening"]
[ECO "A04"]
[Time "10:07:00"]
[TimeControl "2700+45"]

1. Nf3 g6 2. d4 Bg7 3. e4 d6 4. Bc4 c6 5. Nc3 b5 6. Bb3 e6 7. O-O Ne7 8. Bf4 O-O
9. Qd2 Bb7 10. h4 a5 11. a3 d5 12. Rfe1 Nd7 13. e5 Nb6 14. h5 Nc4 15. Bxc4 dxc4
16. h6 Bh8 17. Bg5 Qd7 18. Bf6 Bxf6 19. exf6 Nd5 20. Ne5 Qd8 21. Ne4 Nxf6 22.
Nxf6+ Qxf6 23. Nd7 Qe7 24. Nxf8 Rxf8 25. Qxa5 Qh4 26. Qc7 Ba8 27. Rxe6 Qxh6 28.
Re3 Qg5 29. Qe5 Qg4 30. Rae1 c5 31. d5 Rd8 32. Qf6 Rf8 33. f3 Qd4 34. Qb6 Qxd5
35. Qxb5 Qd4 36. c3 Qd5 37. Re8 Bc6 38. Rxf8+ Kxf8 39. Qb8+ Kg7 40. Qe5+ {Black
resigns} 1-0

[Event "Team 45 45 League T35"]
[Site "Internet Chess Club"]
[Date "2007.11.17"]
[Round "5"]
[White "QueensCounselor"]
[Black "andrew28"]
[Result "1-0"]
[WhiteElo "1780"]
[BlackElo "1767"]
[Opening "QGD Slav: 3.Nf3"]
[ECO "D11"]
[Time "15:57:35"]
[TimeControl "2700+45"]

1. d4 d5 2. c4 c6 3. Nf3 Bf5 4. Nc3 e6 5. Qb3 Na6 6. a3 Rb8 7. e3 Bd6 8. c5 Bc7
9. Qa4 Ne7 10. Bxa6 bxa6 11. Qxa6 O-O 12. O-O Bg4 13. Nd2 f5 14. f3 Bh5 15. Qe2
Ng6 16. Qf2 Rf6 17. b4 Rb7 18. f4 a5 19. Rb1 Qb8 20. Nf3 axb4 21. axb4 Rxb4 22.
Bd2 Bxf3 23. Qxf3 Nh4 24. Qf2 Nxg2 25. Kxg2 Rg6+ 26. Kh1 Rb2 27. Rxb2 Qxb2 28.
Rb1 Qc2 29. Be1 Qd3 30. Qe2 Qxe2 31. Nxe2 Rf6 32. Rb7 Rf7 33. Ra7 g6 34. Ba5
Bxa5 35. Rxa5 Kg7 36. Ra6 Rc7 37. Kg2 h6 38. h4 Kf6 39. Kf3 g5 40. fxg5+ hxg5
41. hxg5+ Kxg5 42. Nf4 Kf6 43. Nd3 Rh7 44. Nf4 Rc7 45. Rb6 Ke7 46. Nd3 Kf6 47.
Ne5 Rh7 48. Nxc6 Rh3+ 49. Ke2 Rh2+ 50. Kd3 f4 51. exf4 Rh3+ 52. Ke2 Rh2+ 53. Kf3
Rh3+ 54. Kg4 Rh8 55. Ne5 Rg8+ 56. Kf3 Kf5 57. Rb7 Rf8 58. Rf7+ Rxf7 59. Nxf7 Kf6
60. Nd6 Ke7 61. Kg4 Kd8 62. Kg5 Ke7 63. Kg6 Kd8 64. Kf6 Kd7 65. Kf7 e5 66. fxe5
Kd8 67. e6 Kc7 68. e7 Kb8 69. e8=Q+ Ka7 70. Qb5 {Black resigns} 1-0

[Event "Team 45 45 League T35"]
[Site "Internet Chess Club"]
[Date "2007.11.18"]
[Round "5"]
[White "joshua9"]
[Black "Socraticchess"]
[Result "1-0"]
[WhiteElo "1726"]
[BlackElo "1714"]
[Opening "KGD: Falkbeer counter-gambit"]
[ECO "C31"]
[Time "18:10:55"]
[TimeControl "2700+45"]

1. e4 e5 2. f4 d5 3. exd5 exf4 4. Qf3 Bd6 5. Bb5+ Bd7 6. Bxd7+ Nxd7 7. Qe2+ Ne7
8. Nf3 O-O 9. O-O Nxd5 10. Nc3 N7b6 11. Nxd5 Nxd5 12. Qb5 Nb6 13. d3 c6 14. Qh5
Qf6 15. Ng5 h6 16. Ne4 Qd4+ 17. Kh1 Bc7 18. Bxf4 Bxf4 19. Rxf4 Nd5 20. Rg4 f5
21. c3 Qxd3 22. Nc5 Qe2 23. Rxg7+ Kxg7 24. Qxe2 Rae8 25. Qf2 Re7 {Black resigns}
1-0

[Event "Team 45 45 League T35"]
[Site "Internet Chess Club"]
[Date "2007.11.16"]
[Round "5"]
[White "reijo"]
[Black "Shereshevsky"]
[Result "1-0"]
[WhiteElo "1600"]
[BlackElo "1463"]
[Opening "King's Indian: orthodox variation"]
[ECO "E94"]
[Time "18:55:21"]
[TimeControl "2700+45"]

1. d4 Nf6 2. c4 g6 3. Nc3 Bg7 4. e4 d6 5. Nf3 O-O 6. Be2 e5 7. O-O exd4 8. Nxd4
Nc6 9. Nxc6 bxc6 10. Bg5 h6 11. Bf4 g5 12. Be3 Re8 13. f3 Rb8 14. Qc2 a6 15.
Rad1 Bf5 16. Bxg5 Bxe4 17. Nxe4 hxg5 18. Nxg5 Qe7 19. Rf2 Qe5 20. f4 Qxb2 21.
Qxb2 Rxb2 22. Bf3 Rxf2 23. Kxf2 c5 24. Rb1 Nd7 25. Bd5 Bd4+ 26. Kf3 Re7 27. Ne4
Nb6 28. g4 Kg7 29. h4 Re8 30. g5 Nxd5 31. cxd5 f6 32. Rb7 Re7 33. Nxd6 Kg6 34.
Kg4 Re3 35. h5+ Kg7 36. Nf5+ Kf8 37. Nxe3 Bxe3 38. g6 c4 39. Rxc7 {Black
resigns} 1-0

[Event "Team 45 45 League T35"]
[Site "Internet Chess Club"]
[Date "2007.11.17"]
[Round "5"]
[White "shakkimestari"]
[Black "Zornorph"]
[Result "0-1"]
[WhiteElo "1986"]
[BlackElo "2039"]
[Opening "Philidor: Nimzovich, Sokolsky variation"]
[ECO "C41"]
[Time "13:09:58"]
[TimeControl "2700+45"]

1. e4 e5 2. Nf3 d6 3. d4 Nf6 4. dxe5 Nxe4 5. Nbd2 Nc5 6. exd6 Qxd6 7. Bc4 Be7 8.
O-O O-O 9. Nb3 Nc6 10. Be3 Nxb3 11. Bxb3 Qg6 12. Kh1 Bg4 13. h3 Bf5 14. Qe2 Bf6
15. Qb5 Rab8 16. Rac1 a6 17. Qc5 Be4 18. Bf4 Nd4 19. Bd5 b6 20. Qc4 Bxf3 21.
Bxf3 Nxf3 22. gxf3 Qf5 23. Kg2 Bxb2 24. Rcd1 Be5 25. Bg3 Qf6 26. Qxa6 Ra8 27.
Qc4 Ra3 28. Rd3 Rxd3 29. cxd3 c5 30. Re1 Bd4 31. Re4 h6 32. Qb5 Ra8 33. a4 Kh7
34. Rf4 Qe6 35. Re4 Qd5 36. Qxb6 Rxa4 37. Qc7 Ra2 38. Re7 Qg5 39. Qf4 Qxe7 40.
Qf5+ g6 41. Qd5 Rb2 {White resigns} 0-1

[Event "Team 45 45 League T35"]
[Site "Internet Chess Club"]
[Date "2007.11.17"]
[Round "5"]
[White "kabindra"]
[Black "chinta"]
[Result "1-0"]
[WhiteElo "1808"]
[BlackElo "1575"]
[Opening "Scotch gambit: Benima defense"]
[ECO "C44"]
[Time "11:01:47"]
[TimeControl "2700+45"]

1. e4 e5 2. Nf3 Nc6 3. d4 exd4 4. Bc4 Be7 5. O-O d6 6. c3 Ne5 7. Nxe5 dxe5 8.
Qh5 g6 9. Qxe5 Nf6 10. Bh6 Qd6 11. cxd4 Qxe5 12. dxe5 Ng4 13. Bf4 h5 14. h3 Nh6
15. Nc3 g5 16. Be3 g4 17. Nd5 Bd8 18. h4 c6 19. Nf6+ Kf8 20. Bc5+ Kg7 21. Nxh5+
Kg6 22. Nf4+ Kh7 23. g3 b5 24. Bb3 Bb6 25. Be7 Bd4 26. Bf6 Re8 27. Nd3 Be6 28.
Bxe6 Rxe6 29. Rac1 Rc8 30. Rc2 Ng8 31. Nf4 Ree8 32. Rd1 Bxe5 33. Bxe5 Rxe5 34.
Rd7 Re7 35. Rcd2 Nf6 36. Rxe7 {Black resigns} 1-0

[Event "Team 45 45 League T35"]
[Site "Internet Chess Club"]
[Date "2007.11.18"]
[Round "5"]
[White "Egmont"]
[Black "tammany"]
[Result "1/2-1/2"]
[WhiteElo "1729"]
[BlackElo "1550"]
[Opening "Sicilian: Canal-Sokolsky attack, Sokolsky variation"]
[ECO "B52"]
[Time "11:57:15"]
[TimeControl "2700+45"]

1. e4 c5 2. Nf3 d6 3. Bb5+ Bd7 4. Bxd7+ Qxd7 5. c4 Nc6 6. d4 cxd4 7. Nxd4 g6 8.
O-O Bg7 9. Ne2 Qe6 10. Qc2 Nf6 11. f3 O-O 12. Qb3 Na5 13. Qb4 b6 14. Na3 Rfc8
15. Nd4 Qe5 16. Be3 Qc5 17. Qxc5 bxc5 18. Ne2 Nd7 19. Rab1 Nc6 20. Nb5 a6 21.
Nbc3 Rcb8 22. Rfd1 Rb7 23. b3 Nf8 24. Nd5 Ne6 25. Rd2 Ned4 26. Nxd4 Nxd4 27.
Rbd1 a5 28. Nc3 Nxf3+ 29. gxf3 Bxc3 30. Rd3 Bg7 31. a4 Rab8 32. Rb1 Bd4 33. Kf2
Kg7 34. Bxd4+ cxd4 35. f4 e5 {Game drawn by mutual agreement} 1/2-1/2

[Event "Team 45 45 League T35"]
[Site "Internet Chess Club"]
[Date "2007.11.17"]
[Round "5"]
[White "jaybird"]
[Black "BrerRabbit"]
[Result "0-1"]
[WhiteElo "1666"]
[BlackElo "1604"]
[Opening "English: Neo-Catalan declined"]
[ECO "A14"]
[Time "11:02:58"]
[TimeControl "2700+45"]

1. c4 e6 2. g3 d5 3. Bg2 Nf6 4. Nf3 Be7 5. O-O O-O 6. cxd5 exd5 7. d4 Bf5 8. Nh4
Bg4 9. h3 Be6 10. Nc3 c6 11. Nf3 Nbd7 12. Qc2 Re8 13. Ng5 Bd6 14. e4 dxe4 15.
Ncxe4 Nxe4 16. Nxe6 Rxe6 17. Bxe4 Nf6 18. Bg2 Bc7 19. Rd1 Nd5 20. Bd2 Qe7 21.
Re1 Bb6 22. Rxe6 Qxe6 23. Re1 Qd7 24. Qd3 Nf6 25. Bc3 Rd8 26. Rd1 Nd5 27. Bd2
Nf6 28. Bc3 Nd5 29. Kh2 Re8 30. Be4 g6 31. Bg2 Re7 32. a3 Qe8 33. Bxd5 cxd5 34.
Qf3 Re4 35. Rd3 Bc7 36. Kg2 Qe6 37. Re3 Rxe3 38. Qxe3 Qxe3 39. fxe3 f5 40. Kf3
Bd6 41. g4 fxg4+ 42. hxg4 h6 43. e4 dxe4+ 44. Kxe4 Kf7 45. Bd2 h5 46. gxh5 gxh5
47. Kf5 h4 48. Kg4 Bg3 49. Bg5 Ke6 50. Be3 Kd5 51. b3 Be1 52. Bc1 Kxd4 53. Bb2+
Bc3 54. Bc1 Be1 55. Kf3 a5 56. Be3+ Kc3 57. b4 axb4 58. axb4 Kxb4 59. Bb6 Kb5
60. Bc7 Kc6 61. Be5 b5 62. Ke2 Bb4 63. Kf3 Bd6 64. Bb2 b4 65. Kg4 Be7 66. Kh3
Kd5 67. Kg4 Ke6 68. Bd4 b3 69. Bb2 Bf6 70. Ba3 Kd5 71. Kf3 Kc4 72. Kg4 Kd3 73.
Kf3 Kc2 74. Kg4 Kd1 75. Kf3 Kc2 76. Kg4 Be7 77. Bxe7 b2 78. Bxh4 b1=Q 79. Bg5
Kd3 80. Bf4 Ke4 81. Bg3 Qf1 82. Kh4 Kf5 83. Bb8 Qg2 84. Bg3 Qh1+ 85. Bh2 Qxh2#
{White checkmated} 0-1

[Event "Team 45 45 League T35"]
[Site "Internet Chess Club"]
[Date "2007.11.18"]
[Round "5"]
[White "fishhead"]
[Black "HocusPocus"]
[Result "0-1"]
[WhiteElo "1962"]
[BlackElo "2155"]
[Opening "Sicilian: Najdorf, 7...Be7"]
[ECO "B98"]
[Time "09:01:00"]
[TimeControl "2700+45"]

1. e4 c5 2. Nf3 d6 3. d4 cxd4 4. Nxd4 Nf6 5. Nc3 a6 6. Bg5 e6 7. f4 Be7 8. Qf3
Nc6 9. Nxc6 bxc6 10. Bc4 d5 11. O-O-O Nd7 12. Bxe7 Qxe7 13. Bb3 O-O 14. Na4 Nc5
15. Nxc5 Qxc5 16. Rd3 a5 17. Rc3 Qb6 18. Ba4 Bb7 19. Rb3 Qd4 20. Rxb7 Qxa4 21.
a3 dxe4 22. Qe3 Rfd8 23. Re1 f5 24. Qg3 Qd4 25. c3 Qd2+ 26. Kb1 Qd3+ 27. Kc1
Qxg3 28. hxg3 Rd3 29. g4 Rg3 30. gxf5 exf5 31. Re2 Rg4 32. Rf2 Rd8 33. Ra7 e3
34. Re2 Rxf4 35. Rxe3 Rf1+ 36. Kc2 Rf2+ 37. Kb3 Rxg2 38. Rxa5 f4 39. Rf3 Rf8 40.
Re5 g5 41. Re4 Rb8+ 42. Rb4 Re8 43. Kc4 Re5 44. Kd4 Rge2 45. Rb6 Rd5+ 46. Kc4
Re4+ 47. Kb3 Rb5+ 48. Rxb5 cxb5 49. Kc2 g4 50. Rf1 f3 51. Kd3 Re2 52. b3 Ra2 53.
Ke3 h5 54. Kf4 Rg2 55. a4 bxa4 56. bxa4 Kg7 57. Ke3 Ra2 58. Rb1 Rxa4 59. Rb6 Rc4
60. Kd3 Rf4 61. Rb1 f2 {White resigns} 0-1

[Event "Team 45 45 League T35"]
[Site "Internet Chess Club"]
[Date "2007.11.19"]
[Round "5"]
[White "MiroslavR"]
[Black "jazzpiano"]
[Result "1-0"]
[WhiteElo "1941"]
[BlackElo "1816"]
[Opening "King's Indian: orthodox variation"]
[ECO "E94"]
[Time "15:08:27"]
[TimeControl "2700+45"]

1. d4 Nf6 2. c4 g6 3. Nc3 Bg7 4. e4 d6 5. Nf3 O-O 6. Be2 e5 7. O-O exd4 8. Nxd4
Re8 9. f3 c6 10. Kh1 Nbd7 11. Bg5 Nb6 12. Rc1 h6 13. Bh4 d5 14. exd5 cxd5 15. c5
g5 16. Bg3 Nbd7 17. Ncb5 Ne5 18. Nd6 Re7 19. f4 Nc6 20. N4f5 Bxf5 21. Nxf5 Rd7
22. fxg5 hxg5 23. Bd3 Nb4 24. Bb5 Nc6 25. Bd3 Nb4 26. Nxg7 Kxg7 27. Be5 Nxd3 28.
Qxd3 Qa5 29. Bxf6+ Kg8 30. Qh3 {Black resigns} 1-0

[Event "Team 45 45 League T35"]
[Site "Internet Chess Club"]
[Date "2007.11.17"]
[Round "5"]
[White "diegoami"]
[Black "jonesey"]
[Result "0-1"]
[WhiteElo "1814"]
[BlackElo "2046"]
[Opening "Giuoco Piano"]
[ECO "C44"]
[Time "07:01:02"]
[TimeControl "2700+45"]

1. e4 e5 2. Nf3 Nc6 3. d4 exd4 4. Bc4 Bc5 5. c3 Nf6 6. e5 d5 7. Bb5 Ne4 8. Nxd4
O-O 9. Bxc6 bxc6 10. O-O Ba6 11. Re1 Qh4 12. Be3 Rae8 13. Nf5 Qd8 14. Bxc5 Nxc5
15. Re3 Qg5 16. Nd4 Rxe5 17. Rxe5 Qxe5 18. Nxc6 Qd6 19. Nb4 Bb7 20. Nd2 d4 21.
cxd4 Qxd4 22. Nc2 Qxb2 23. Nc4 Qc3 24. N2e3 Ne6 25. Rc1 Qd4 26. Qc2 Rd8 27. Rd1
Qf6 28. Rb1 Nd4 29. Qb2 Be4 30. Rd1 c5 31. a4 Qc6 32. a5 Bxg2 33. Rxd4 cxd4 34.
Ne5 Qb7 35. Qd2 Qe7 36. Nc6 Bxc6 {White resigns} 0-1

[Event "Team 45 45 League T35"]
[Site "Internet Chess Club"]
[Date "2007.11.18"]
[Round "5"]
[White "JimGrange"]
[Black "Mater"]
[Result "0-1"]
[WhiteElo "1838"]
[BlackElo "1779"]
[Opening "QGD: exchange variation"]
[ECO "D35"]
[Time "12:00:50"]
[TimeControl "2700+45"]

1. d4 d5 2. c4 e6 3. Nc3 Nf6 4. cxd5 Nxd5 5. e4 Nxc3 6. bxc3 g6 7. Nf3 Bg7 8.
Bd3 c5 9. O-O O-O 10. Be3 Nc6 11. e5 b6 12. Qe2 Bb7 13. dxc5 Nxe5 14. Nxe5 Bxe5
15. Rac1 bxc5 16. Bxc5 Qd5 17. Be4 Qxe4 18. Qxe4 Bxe4 19. Bxf8 Kxf8 20. Rfe1 Bf4
21. Rcd1 Bc2 22. Rd7 Ke8 23. Rb7 a5 24. g3 Bg5 25. f4 Bf6 26. Rc1 Be4 27. Rc7
Bd8 {White resigns} 0-1

[Event "Team 45 45 League T35"]
[Site "Internet Chess Club"]
[Date "2007.11.17"]
[Round "5"]
[White "MrPetrov"]
[Black "Raisingthebar"]
[Result "1-0"]
[WhiteElo "2207"]
[BlackElo "2066"]
[Opening "QGD: 4.Nf3"]
[ECO "D37"]
[Time "11:01:16"]
[TimeControl "2700+45"]

1. d4 d5 2. c4 e6 3. Nc3 Nf6 4. Nf3 Nbd7 5. Bf4 a6 6. e3 c6 7. h3 Be7 8. Qc2 O-O
9. O-O-O dxc4 10. Bxc4 b5 11. Bd3 Qa5 12. Kb1 Bb7 13. Ne5 g6 14. h4 c5 15. h5 c4
16. Bxg6 fxg6 17. hxg6 b4 18. gxh7+ Kh8 19. Ng6+ Kg7 20. Nxe7 Kf7 21. h8=Q bxc3
22. d5 Kxe7 23. Bd6+ Kxd6 24. dxe6+ Kc7 25. Qh2+ Ne5 26. Qxc3 Qxc3 27. bxc3 Ng4
28. Qh7+ Kb6 29. Ka1 Rab8 30. Rb1+ Ka7 31. Qc7 Rfc8 32. Rxb7+ Rxb7 33. Qxc8 Nxf2
34. Qc5+ {Black resigns} 1-0

[Event "Team 45 45 League T35"]
[Site "Internet Chess Club"]
[Date "2007.11.17"]
[Round "5"]
[White "Thor5581"]
[Black "DeepHmm"]
[Result "1/2-1/2"]
[WhiteElo "2009"]
[BlackElo "2041"]
[Opening "Sicilian: Najdorf, Byrne (English) attack"]
[ECO "B90"]
[Time "11:05:15"]
[TimeControl "2700+45"]

1. e4 c5 2. Nf3 d6 3. d4 cxd4 4. Nxd4 Nf6 5. Nc3 a6 6. Be3 e5 7. Nf3 b5 8. Nd5
Nbd7 9. a4 bxa4 10. Rxa4 Bb7 11. Nxf6+ Nxf6 12. Qa1 Be7 13. Bxa6 Bxa6 14. Rxa6
O-O 15. O-O Nxe4 16. Rd1 Qc8 17. Ra7 Re8 18. c3 Qc6 19. Qa2 h6 20. h3 Reb8 21.
Ra1 Rxa7 22. Qxa7 Qb7 23. Qxb7 Rxb7 24. Ra7 Rxa7 25. Bxa7 f5 26. c4 Kf7 27. b4
Ke6 28. b5 Kd7 29. Kf1 Bf6 30. g4 f4 31. Ke2 {Game drawn by mutual agreement}
1/2-1/2

[Event "Team 45 45 League T35"]
[Site "Internet Chess Club"]
[Date "2007.11.17"]
[Round "5"]
[White "Sleete"]
[Black "kolibandi"]
[Result "1-0"]
[WhiteElo "2038"]
[BlackElo "2044"]
[Opening "Sicilian: closed"]
[ECO "B24"]
[Time "16:05:49"]
[TimeControl "2700+45"]

1. e4 c5 2. Nc3 Nc6 3. g3 g6 4. Bg2 Bg7 5. Nge2 d6 6. O-O Nf6 7. d4 cxd4 8. Nxd4
Nxd4 9. Qxd4 O-O 10. e5 Ng4 11. f4 dxe5 12. Qxd8 Rxd8 13. h3 Nh6 14. fxe5 Nf5
15. Bf4 Be6 16. Rad1 Rxd1 17. Rxd1 Rb8 18. g4 Nh6 19. Nd5 Kf8 20. Nf6 exf6 21.
exf6 Re8 22. fxg7+ Kxg7 23. Bxb7 Bxa2 24. b3 Re2 25. Bd2 Re7 26. Ba6 Rc7 27. Bc4
a6 28. g5 Ng8 29. Bc3+ f6 30. gxf6+ Nxf6 31. Rd6 {Black resigns} 1-0

[Event "Team 45 45 League T35"]
[Site "Internet Chess Club"]
[Date "2007.11.17"]
[Round "5"]
[White "Knight77"]
[Black "Frankly"]
[Result "0-1"]
[WhiteElo "1800"]
[BlackElo "1730"]
[Opening "Réti v Dutch"]
[ECO "A04"]
[Time "09:02:47"]
[TimeControl "2700+45"]

1. Nf3 f5 2. g3 Nf6 3. Bg2 d6 4. d4 g6 5. O-O Bg7 6. Nbd2 O-O 7. c3 Nbd7 8. Qb3+
Kh8 9. Ng5 Nb6 10. Nf7+ Rxf7 11. Qxf7 e6 12. e4 Ng8 13. Nf3 fxe4 14. Bg5 Nf6 15.
Nh4 d5 16. Bh3 Nc4 17. Bf4 Nd6 18. Bxd6 Qxd6 19. Rae1 Bd7 20. Nxg6+ hxg6 21.
Qxg6 Bb5 22. Re3 Bxf1 23. Bxf1 Rf8 24. g4 Qf4 25. Rg3 Nxg4 26. Rg2 e3 27. Qxg4
Qxg4 28. Rxg4 exf2+ 29. Kg2 Bh6 30. Rh4 Kg7 31. Bd3 Rf6 32. Rh3 c6 33. b4 b5 34.
Bf1 Bd2 35. Rd3 Be1 36. h3 a6 37. Re3 Kf7 38. Kg3 Rg6+ 39. Kf3 Rg1 40. Ke2 Rh1
41. Rf3+ Kg6 42. Re3 Kf6 43. Rf3+ Ke7 44. a3 Rg1 45. Re3 Rg8 46. Kd3 Ra8 47. h4
Rh8 48. Rh3 Kd6 49. h5 e5 50. dxe5+ Kxe5 51. Rh1 Kf4 52. Be2 Kg5 53. Kd4 Kh6 54.
Rh3 Re8 55. Kd3 Re4 56. Rf3 Rc4 57. Kc2 Re4 58. Kd3 Re6 59. Rh3 Bxc3 60. Kxc3
Rxe2 61. Rf3 Kxh5 62. Kd3 Ra2 {White resigns} 0-1

[Event "Team 45 45 League T35"]
[Site "Internet Chess Club"]
[Date "2007.11.19"]
[Round "5"]
[White "lupinus"]
[Black "Changuito-77"]
[Result "1/2-1/2"]
[WhiteElo "1661"]
[BlackElo "1805"]
[Opening "King's knight's gambit"]
[ECO "C38"]
[Time "12:03:22"]
[TimeControl "2700+45"]

1. e4 e5 2. f4 exf4 3. Nf3 g5 4. Bc4 Bg7 5. d4 d6 6. O-O h6 7. c3 Nc6 8. b4 Nf6
9. Nbd2 O-O 10. Qb3 Ne7 11. e5 d5 12. exf6 dxc4 13. fxe7 Qxe7 14. Qxc4 Re8 15.
Re1 Qd8 16. Rxe8+ Qxe8 17. Nb3 g4 18. Ne5 Bxe5 19. dxe5 f3 20. Qf4 fxg2 21. Qxh6
Qxe5 22. Qg5+ Qg7 23. Qxg7+ Kxg7 24. Kxg2 Be6 25. Nd4 Bd7 26. Bf4 c6 27. Re1 Kf6
28. Kg3 Rg8 29. Be5+ Kg6 30. Rf1 Re8 31. Rf6+ Kg5 32. Rxf7 Rxe5 33. Rxd7 Re3+
34. Kf2 Rxc3 35. Rxb7 Rc4 36. Ke3 Rc3+ 37. Kd2 Ra3 38. Nxc6 Rxa2+ 39. Ke3 Rxh2
40. Rg7+ Kf5 41. Nd4+ Ke5 42. Rg5+ Kd6 43. Rxg4 Rh3+ 44. Nf3 Kc6 45. Rg5 Kb6 46.
Ke4 Rh1 47. Kd3 Rh3 48. Rf5 Rg3 49. Kc4 Rg2 50. Nd4 Rg6 51. Re5 Rg4 52. Re6+ Kb7
53. b5 Rh4 54. Kc5 Rh5+ 55. Kd6 a5 56. bxa6+ Kxa6 57. Kc7+ Ka5 58. Nb3+ Ka4 59.
Nd2 Ka5 60. Ne4 Ka4 61. Rb6 Ka5 62. Nd6 Rc5+ 63. Kb7 Rh5 64. Kc6 Ka4 65. Nb5
Rh6+ 66. Nd6 Rh5 67. Ra6+ Ra5 68. Rb6 Rh5 {Game drawn by repetition} 1/2-1/2

[Event "Team 45 45 League T35"]
[Site "Internet Chess Club"]
[Date "2007.11.15"]
[Round "5"]
[White "rubo"]
[Black "AntonioMendonca"]
[Result "0-1"]
[WhiteElo "1703"]
[BlackElo "1685"]
[Opening "Bird's opening"]
[ECO "A02"]
[Time "13:04:57"]
[TimeControl "2700+45"]

1. f4 c5 2. b3 Nf6 3. Bb2 g6 4. Nf3 Bg7 5. c4 O-O 6. e3 Nc6 7. Be2 d6 8. O-O Bf5
9. a3 a5 10. Bc3 d5 11. cxd5 Qxd5 12. Ne5 Nxe5 13. Bxe5 Rfd8 14. d4 Ne4 15. Bxg7
Kxg7 16. Bc4 Qd7 17. Qc1 b5 18. Be2 cxd4 19. Rd1 Rac8 20. Qb2 Qe6 21. Rxd4 Rxd4
22. Qxd4+ f6 23. Nd2 Nxd2 24. Qxd2 Rc2 25. Qd1 Qxe3+ 26. Kf1 Rxe2 27. Qxe2 Bd3
28. Re1 Bxe2+ 29. Rxe2 Qxf4+ 30. Ke1 Qc1+ 31. Kf2 Qxa3 32. Re3 e5 33. Kf3 a4 34.
bxa4 Qxe3+ 35. Kxe3 bxa4 36. Kd3 a3 37. Kc2 e4 38. Kb3 e3 {White resigns} 0-1

[Event "Team 45 45 League T35"]
[Site "Internet Chess Club"]
[Date "2007.11.18"]
[Round "5"]
[White "MPknight"]
[Black "Electryon"]
[Result "0-1"]
[WhiteElo "1602"]
[BlackElo "1669"]
[Opening "QGD Slav: 4.e3 Bf5"]
[ECO "D12"]
[Time "08:02:53"]
[TimeControl "2700+45"]

1. d4 d5 2. Nf3 Nf6 3. e3 Bf5 4. c4 c6 5. Nc3 e6 6. a3 Bd6 7. c5 Bc7 8. Bd3 Bxd3
9. Qxd3 Nbd7 10. b4 a6 11. h3 Qe7 12. Bd2 e5 13. dxe5 Nxe5 14. Nxe5 Qxe5 15. f4
Qe7 16. O-O O-O 17. Rae1 Rfe8 18. Qc2 Ne4 19. Nxe4 Qxe4 20. Qxe4 Rxe4 21. Kf2
Rae8 22. g3 R8e6 23. h4 f5 24. Kg2 Bd8 25. Kf3 Bf6 26. a4 d4 27. exd4 Rxe1 28.
Rxe1 Rxe1 29. Bxe1 Bxd4 30. Ke2 Kf7 31. Kd3 Bg1 32. Kc4 b5+ 33. axb5 axb5+ 34.
Kd3 Ke6 35. Ke2 Kd5 36. Kd3 Bd4 37. h5 g6 38. hxg6 hxg6 39. Ke2 Kc4 40. Kf3 Bc3
41. Bxc3 Kxc3 42. g4 Kxb4 43. gxf5 gxf5 44. Ke3 Kxc5 {White resigns} 0-1

[Event "Team 45 45 League T35"]
[Site "Internet Chess Club"]
[Date "2007.11.18"]
[Round "5"]
[White "alexcluster"]
[Black "FiendAngelical"]
[Result "0-1"]
[WhiteElo "1834"]
[BlackElo "1854"]
[Opening "Sicilian: Nimzovich-Rossolimo attack (without ...d6)"]
[ECO "B30"]
[Time "17:58:57"]
[TimeControl "2700+45"]

1. e4 c5 2. Nf3 Nc6 3. Bb5 e6 4. Nc3 Nge7 5. O-O a6 6. Bxc6 Nxc6 7. d4 cxd4 8.
Nxd4 Qc7 9. Nxc6 dxc6 10. Be3 Bd7 11. Na4 c5 12. Nc3 Be7 13. Qg4 O-O 14. Bh6 Bf6
15. f4 e5 16. f5 Bc6 17. Rf3 Kh8 18. Be3 c4 19. Rh3 g6 20. Rf1 Qe7 21. a3 Bg7
22. Bh6 Qf6 23. fxg6 Qxg6 24. Bxg7+ Qxg7 25. Qf5 Rad8 26. Rff3 Bd7 27. Qh5 Bxh3
28. Qxh3 Qg5 29. Rf1 Rd2 30. Nd5 f5 31. Ne3 f4 32. Nxc4 Rxc2 33. b3 Rg8 34. Rf2
Rc1+ 35. Rf1 Rc3 36. Rf3 Qxg2+ 37. Qxg2 Rxf3 38. Nxe5 Rxg2+ 39. Kxg2 Rxb3 40. a4
Kg7 41. Nf3 Rb4 42. Kh3 Rxe4 43. Kg4 Rxa4 44. h4 Kf6 45. Ng5 f3+ 46. Kxf3 Rxh4
{White resigns} 0-1

[Event "Team 45 45 League T35"]
[Site "Internet Chess Club"]
[Date "2007.11.20"]
[Round "5"]
[White "siddhu"]
[Black "mambomex"]
[Result "0-1"]
[WhiteElo "1768"]
[BlackElo "1822"]
[Opening "Ruy Lopez: classical defense, 4.c3"]
[ECO "C64"]
[Time "12:02:06"]
[TimeControl "2700+45"]

1. e4 e5 2. Nf3 Nc6 3. Bb5 Bc5 4. c3 Nf6 5. d3 d6 6. Bxc6+ bxc6 7. O-O O-O 8. h3
Be6 9. Nbd2 a5 10. b3 a4 11. Bb2 axb3 12. axb3 Rxa1 13. Qxa1 Re8 14. Qa4 Bd7 15.
Nc4 Qe7 16. b4 Bb6 17. Nxb6 cxb6 18. Qa7 b5 19. Qb7 d5 20. Nd2 Qd6 21. Ra1 dxe4
22. Nxe4 Qxd3 23. Nxf6+ gxf6 24. Ra7 Be6 25. Qxc6 Rd8 26. Ra8 Rxa8 27. Qxa8+ Kg7
28. Qa1 Qe2 29. Qc1 Bd5 30. Ba1 Bc4 31. Bb2 h5 32. Ba1 e4 33. Bb2 e3 34. Qxe3
Qxb2 35. Qg3+ Kh7 36. Qf3 Qc1+ 37. Kh2 Qg5 38. Qe4+ Kg7 {White resigns} 0-1

[Event "Team 45 45 League T35"]
[Site "Internet Chess Club"]
[Date "2007.11.19"]
[Round "5"]
[White "chipionero"]
[Black "parrot9"]
[Result "0-1"]
[WhiteElo "1682"]
[BlackElo "1678"]
[Opening "QGD semi-Slav: 5.e3"]
[ECO "D45"]
[Time "14:13:29"]
[TimeControl "2700+45"]

1. d4 d5 2. c4 c6 3. Nc3 Nf6 4. Nf3 e6 5. e3 dxc4 6. Bxc4 b5 7. Bd3 Bb7 8. a4 b4
9. Ne4 Nbd7 10. O-O a5 11. b3 Be7 12. Bb2 O-O 13. Rc1 Rc8 14. Nxf6+ Nxf6 15. e4
Qb6 16. Nd2 Rfd8 17. e5 Nd5 18. Qh5 h6 19. Nc4 Qa7 20. Ne3 Nf4 21. Qd1 Nxd3 22.
Qxd3 Ba6 23. Nc4 c5 24. Rfd1 cxd4 25. Bxd4 Bc5 26. Bxc5 Qxc5 27. Qe3 Rxd1+ 28.
Rxd1 Qxe3 29. Nxe3 Rc3 30. Nc4 Bxc4 31. bxc4 Rxc4 32. Rb1 Re4 33. Kf1 Rxe5 34.
f4 Re3 35. Kf2 Ra3 36. Rb2 Rxa4 37. Ke2 Ra3 38. Kd2 b3 39. Kc3 a4 40. Re2 Ra2
41. Rxa2 bxa2 42. Kb2 a1=Q+ 43. Kxa1 f5 44. Ka2 Kf7 45. Ka3 g5 46. g3 Kf6 47.
Kxa4 e5 48. Kb3 exf4 49. Kc3 fxg3 50. hxg3 Ke5 51. Kd3 h5 52. Ke3 f4+ 53. gxf4+
gxf4+ 54. Kf3 Kf5 {White resigns} 0-1